Description

From Classic vs Innovation game 1 in Olimoleague #100.

VOD

https://www.youtube.com/watch?v=AraOPEtcFus&t=2m15s

Build Order

Get SALT Encoding   

  14  0:18  Pylon  
  16  0:37  Gateway  scout
  16  0:43  Assimilator  
  19  1:20  Nexus  
  19  1:30  Cybernetics Core  
  20  1:40  Assimilator  
  21  1:50  Pylon  
  23  2:10  Adept  
  26  2:20  Stargate  
  27  2:33  Adept (Chrono Boost)  
  30  2:37  Warp Gate  
  36  3:05  Oracle (Chrono Boost)  
  39  3:10  Adept  
  41  3:15  Pylon  
  45  3:35  Phoenix (Chrono Boost)  constant Phoenix
  49  3:50  Mothership Core  
  52  3:53  Nexus  
  52  3:55  Pylon  @ 3rd
  54  4:05  Gateway x2  
  56  4:20  Assimilator x2  @ natural
  58  4:30  Pylon  
  58  4:35  Forge, Twilight Council  
  67  5:10  Charge (Chrono Boost), Protoss Ground Armor Level 1 (Chrono Boost)  
  70  5:15  Gateway x5  as money allows
Spawning Tool Build Advisor. Get it on Overwolf

Analysis

After holding 3rd base (if necessary) can be aggressive or transition into Robo&2nd forge&templar&fast 4th base.

Alternative build seen in game 3: +1 attack&glaives, skip Phoenix, Adept aggression. Robo&Blink transition.

Go to:

Details

  • Created by: Bones     
  • Published on: Sep 19, 2017
  • Modified on: Sep 19, 2017
  • Patch: 3.8.0
Show
View Real Time Build Order
Export as new Build Order

Comments (0)

There are no comments. Be the first!

Create an account to comment!